 Dungeon Crawl Stone Soup version 0.31.0-12-g77e489cdc1 (webtiles) character file.

Game seed: 17926287409150480672

123 Silvore the Shield-Bearer (level 4, -14/41 HPs)
             Began as a Minotaur Fighter on Feb 23, 2024.
             Was a Follower of Zin.
             Demolished by an ogre
             ... wielding a +0 giant spiked club
              (15 damage)
             ... on level 4 of the Dungeon.
             The game lasted 00:02:59 (2388 turns).

Silvore the Shield-Bearer (Minotaur Fighter)        Turns: 2388, Time: 00:03:00

Health: -14/41     AC:  9    Str: 23    XL:     4   Next: 79%
Magic:  3/3        EV:  8    Int:  5    God:    Zin [*.....]
Gold:   112        SH:  4    Dex:  9    Spells: 3/3 levels left

rFire   . . .        a - +0 flail
rCold   . . .        c - +0 buckler
rNeg    . . .        f - +0 chain mail
rPois   .            (helmet restricted)
rElec   .            (no cloak)
rCorr   .            (no gloves)
SInv    .            (no boots)
Will    .....        (no amulet) Stlth
                     (no ring)
HPRegen 0.26/turn    (no ring)
MPRegen 0.08/turn

%: no passive effects
@: no status effects
A: horns 2, retaliatory headbutt
a: Renounce Religion, Recite, Donate Gold


You were on level 4 of the Dungeon.
You worshipped Zin.
Zin was aware of your devotion.
You visited 1 branch of the dungeon, and saw 4 of its levels.

You collected 124 gold pieces.
You donated 12 gold pieces to Zin.

Inventory:

Hand Weapons
 a - a +0 flail (weapon)
Armour
 b - a +0 scale mail
 c - a +0 buckler (worn)
 f - a +0 chain mail (worn)
 g - a +1 ring mail of positive energy
Scrolls
 k - 2 scrolls of identify
Potions
 d - 3 potions of might
 e - a potion of brilliance
 h - a potion of enlightenment


   Skills:
 + Level 4.4 Fighting
 + Level 3.6 Maces & Flails
 + Level 4.5 Armour
 + Level 0.3 Dodging
 + Level 0.3 Stealth
 + Level 4.6 Shields


You had 3 spell levels left.
You didn't know any spells.
Your spell library was empty.

Dungeon Overview and Level Annotations

Branches:
Dungeon (4/15)
 Temple: D:4-7

Altars:
Nemelex Xobeh
Xom
Zin


Innate Abilities, Weirdness & Mutations

You have a pair of horns on your head.
You reflexively headbutt those who attack you in melee.


Message History

As you read the scroll labelled LUSCHE ZONLEG, it crumbles to dust.
You feel strangely unstable.
It was a scroll of teleportation.
You don't currently have any unidentified items.
You start waiting.
Your surroundings suddenly seem different.
There is a stone staircase leading up here.
You climb upwards.
There is a stone staircase leading down here.
You climb downwards.
There is a stone staircase leading up here.
You see here a +0 leather armour.
You see here a +0 club.
There is a stone staircase leading down here.
You climb downwards.
The hound barks!
The ball python hisses angrily.
You hear a shout!
There is a stone staircase leading up here.
There are monsters nearby!
An ogre comes into view. It is wielding a +0 giant spiked club.
The ogre shouts!
The ball python barely misses you. You furiously retaliate!
You headbutt the ball python!
You kill the ball python!
The ogre hits you with a +0 giant spiked club!!
Ouch! That really hurt!
You thump the ogre! Your headbutt misses the ogre.
The ogre is heavily wounded.
You block the hound's attack.
Okay, then.
You barely miss the ogre.
The ogre is heavily wounded.
The hound bites you but does no damage.
The ogre hits you with a +0 giant spiked club!
* * * LOW HITPOINT WARNING * * *
The hound closely misses you.
Unknown command.
You hit the ogre. You headbutt the ogre!
The ogre is almost dead.
The hound completely misses you.
The ogre hits you with a +0 giant spiked club!
You die...

... ...
....
.....
.....####
......h@#
......O.#
.....##.#
#.## #<+
# ###


You could see an ogre and a hound.

Vanquished Creatures
  Terence (D:2)
  3 adders
  2 ribbon worms (D:2)
  A dart slug (D:3)
  An orc (D:3)
  7 endoplasms
  3 giant cockroaches
  5 goblins
  3 hobgoblins
  3 jackals (D:2)
  6 kobolds
  9 ball pythons
  A bat (D:2)
  10 frilled lizards
  10 rats
65 creatures vanquished.

Notes
Turn   | Place    | Note
-------+----------+-------------------------------------------
     0 | D:1      | Silvore the Minotaur Fighter began the quest for the Orb.
     0 | D:1      | Reached XP level 1. HP: 19/19 MP: 0/0
    33 | D:1      | Reached XP level 2. HP: 25/27 MP: 1/1
    84 | D:1      | Found a faded altar of an unknown god.
   711 | D:2      | Noticed Terence
   722 | D:2      | Killed Terence
   723 | D:2      | Reached XP level 3. HP: 13/33 MP: 2/2
  1097 | D:2      | Reached XP level 4. HP: 40/40 MP: 3/3
  1680 | D:3      | Found a sparkling altar of Nemelex Xobeh.
  1835 | D:3      | Noticed an angel
  1836 | D:3      | Found a glowing silver altar of Zin.
  1836 | D:3      | Found a shimmering altar of Xom.
  1850 | D:3      | Became a worshipper of Zin the Law-Giver
  2194 | D:3      | Reached * piety under Zin
  2383 | D:4      | Noticed an ogre
  2387 | D:4      | HP: 1/41 [ogre/+0 giant spiked club (15)]
  2388 | D:4      | Demolished by an ogre

Illustrated notes

Levels and vault maps discovered:
D:1:      dpeg_arrival_orchard, layout_basic, basic_ecumenical_altar
D:2:      layout_loops_ring, uniq_terence
D:3:      layout_loops_ring, grunt_temple_overflow_order_and_chaos_1,
          mainiacjoe_overflow_24_doors, kennysheep_cross_room, item_on_display_a
D:4:      layout_loops_ring, kennysheep_mini_moat, minmay_temple_entry_hall

Skill      XL: |  1  2 |
---------------+-------+-----
Armour         | 4 |  4.5
Fighting       | 4 |  4.4
Shields        | 4 |  4.6
Maces & Flails | 3 |  3.6
Dodging        | |  0.3
Stealth        | |  0.3

Action                     |  1- 3 |  4- 6 || total
---------------------------+-------+-------++-------
  Melee: Flail             |    63 |    72 ||   135
         Headbutt          |     9 |     6 ||    15
    Use: Scroll            |     2 |     4 ||     6
 Armour: Scale mail        |     7 |       ||     7
         Chain mail        |    25 |    56 ||    81
         Ring mail         |     8 |       ||     8
  Dodge: Dodged            |    27 |    32 ||    59
  Block: Buckler           |    16 |    16 ||    32
